AoeStats
← HAMADY

Lombardia

507191360Analyzed
4v4 RM · 15d ago on Sep 17, 2026· 16m 10s· 8 players
Game mode
Random Map
Map size
Large (8 player)
Population
200
Speed
Normal
Resources
Standard
Victory
Conquest
Starting age
Dark Age
Ending age
Imperial Age
RankedLock teamsTeams togetherTeam positionsShared explorationLock speedFull tech treeHidden civsTurbo modeCheats
Victory
Defeat
🇨🇦 Ethiopians · Canada
1366
+13
🇨🇱 Lithuanians · Chile
1311
+16
🇺🇸 Japanese · United States
1267
+17
🇲🇽 Mongols · Mexico
1178
+22
🇯🇵 Mongols · Japan
1320
-18
🇨🇳 Khmer · China
1303
-17
🇹🇼 Vietnamese · Taiwan
1291
-17
🇨🇴 Magyars · Colombia
1286
-16
thomas89671173
11:17 Feudal Age
10:57 Loom
16:10 Castle Age
Fossil
9:04 Loom
11:06 Feudal Age
15:18 Castle Age
HAMADY
7:08 Loom
9:09 Feudal Age
11:18 Double-Bit Axe
11:23 Horse Collar
16:46 Wheelbarrow
JieX
11:11 Feudal Age
13:32 Double-Bit Axe
16:45 Castle Age
Kryptonknight
8:30 Loom
11:10 Feudal Age
12:33 Double-Bit Axe
12:28 Horse Collar
ovejaelectrica
8:09 Loom
10:28 Feudal Age
11:43 Double-Bit Axe
old man
8:47 Feudal Age
8:18 Loom
9:50 Double-Bit Axe
16:11 Castle Age
15:05 Fletching
16:07 Padded Archer Armor
16:17 Forging
jusart.92
6:18 Loom
8:44 Feudal Age
Connection lost

Rejoining the realm…

Still unreachable

The connection could not be restored.

Session expired

The server has moved on; the page needs a fresh start.